[Event "26th Zadar Open 2019"]
[Site "Zadar"]
[Date "2019.12.20"]
[Round "7.19"]
[White "Krasteva, Beloslava"]
[Black "Nester, Ihor"]
[Result "1/2-1/2"]
[ECO "E48"]
[WhiteElo "2264"]
[BlackElo "2329"]
[Annotator "NA"]
[PlyCount "80"]
[EventDate "2019.12.15"]
[EventType "swiss"]
[EventCountry "CRO"]
[SourceTitle "playchess.com"]
[Source "ChessBase"]
[SourceQuality "1"]
[TimeControl "40/5400+30:1800+30"]

1. d4 Nf6 2. c4 e6 3. Nc3 Bb4 4. e3 c5 5. Bd3 d5 6. cxd5 Nxd5 7. Nge2 cxd4 $11 {[%emt 0:00:00] Pin} 8. exd4 Nc6 9. O-O O-O 10. Nxd5 Qxd5 11. Qc2 h6 12. a3 Bd6 13. Rd1 Bd7 14. Bh7+ Kh8 15. Be4 Qh5 16. Nf4 Qa5 17. Be3 Rac8 18. Qe2 Rfd8 19. g3 e5 20. dxe5 Qxe5 21. Bd5 Be8 22. h4 b6 23. Qg4 Qf6 24. Nh5 Qg6 25. Qxg6 fxg6 26. Nf4 Be5 27. Bxc6 Rxd1+ 28. Rxd1 Bxf4 29. Bxe8 Bxe3 30. Bxg6 Rc1 31. Rxc1 Bxc1 32. a4 Bxb2 33. f3 Kg8 34. Kf2 Bd4+ 35. Ke2 Kf8 36. g4 Ke7 37. Kd3 Bf2 38. h5 Kf6 39. Kc4 Ke5 40. Be4 Kf4 1/2-1/2

[Event "26th Zadar Open 2019"]
[Site "Zadar"]
[Date "2019.12.20"]
[Round "7.20"]
[White "Antova, Gabriela"]
[Black "Mitev, Valentin"]
[Result "1-0"]
[ECO "E16"]
[WhiteElo "2314"]
[BlackElo "2233"]
[Annotator "NA RC"]
[PlyCount "87"]
[EventDate "2019.12.15"]
[EventType "swiss"]
[EventCountry "CRO"]
[SourceTitle "playchess.com"]
[Source "ChessBase"]
[SourceQuality "1"]
[TimeControl "40/5400+30:1800+30"]

1. d4 Nf6 2. c4 e6 3. Nf3 b6 4. g3 Ba6 5. Nbd2 Be7 $11 6. Bg2 Bb7 7. O-O O-O 8. Qc2 c5 9. e4 d6 10. e5 dxe5 11. dxe5 Ng4 12. h3 Nh6 13. Ng5 Bxg5 14. Bxb7 Nd7 15. Bxa8 Qxa8 16. f4 Be7 17. Qe4 Nf5 18. Qxa8 Rxa8 19. Ne4 f6 20. Rd1 Nd4 21. exf6 Nxf6 22. Nxf6+ Bxf6 23. Rb1 a6 24. Be3 b5 25. Bxd4 Bxd4+ 26. Kg2 b4 27. Rd3 Rb8 28. b3 a5 29. Rbd1 Ra8 30. Kf3 a4 31. Ke4 axb3 32. axb3 Ra3 33. Rxd4 cxd4 34. Rd3 Ra2 35. Kxd4 Rc2 36. Kc5 Rc3 37. Rd8+ Kf7 38. Kxb4 Rxg3 39. c5 Ke7 40. Rd4 Rxh3 41. c6 Rh1 42. Kb5 h5 43. c7 Rc1 44. Kb6 1-0

[Event "26th Zadar Open 2019"]
[Site "Zadar"]
[Date "2019.12.20"]
[Round "7.21"]
[White "Stocko, Josip"]
[Black "Zelic, Mladen"]
[Result "1/2-1/2"]
[ECO "C63"]
[WhiteElo "2267"]
[BlackElo "2254"]
[Annotator "NA"]
[PlyCount "103"]
[EventDate "2019.12.15"]
[EventType "swiss"]
[EventCountry "CRO"]
[SourceTitle "playchess.com"]
[Source "ChessBase"]
[SourceQuality "1"]
[TimeControl "40/5400+30:1800+30"]

1. e4 e5 2. Nf3 Nc6 3. Bb5 f5 4. Nc3 Nf6 5. exf5 e4 6. Nh4 a6 7. Ba4 Be7 8. Nxe4 O-O 9. Ng3 d5 10. d3 Ne8 11. Nf3 Nd6 12. O-O Nxf5 13. d4 Bd6 14. Bg5 Qe8 15. Bb3 Qf7 16. Ne4 Kh8 17. Nxd6 Nxd6 18. Ne5 Qf5 19. f4 Be6 20. c3 Nxe5 21. dxe5 Ne4 22. Bh4 c6 23. Bc2 Qg6 24. Qe2 Bf5 25. Rac1 Rf7 26. Qe3 Raf8 27. h3 h5 28. Bd1 Be6 29. Bc2 Bf5 30. Bd1 Be6 31. Kh2 Qh6 32. Bg5 Qg6 33. Bc2 Bf5 34. Bh4 Qh6 35. c4 Bh7 36. cxd5 cxd5 37. Bxe4 Bxe4 38. Bg5 Qg6 39. g4 Qe6 40. Kg3 Rc8 41. Rxc8+ Qxc8 42. Rc1 Rc7 43. Rxc7 Qxc7 44. e6 Kg8 45. gxh5 Qc2 46. Kh4 Qxb2 47. Qc5 d4 48. e7 Qf2+ 49. Kg4 Qe2+ 50. Kh4 Qe1+ 51. Kg4 Qe2+ 52. Kh4 1/2-1/2

[Event "26th Zadar Open 2019"]
[Site "Zadar"]
[Date "2019.12.20"]
[Round "7.22"]
[White "Ly, Dominik"]
[Black "Sutkovic, Damir"]
[Result "1-0"]
[ECO "A29"]
[WhiteElo "2220"]
[BlackElo "2292"]
[Annotator "NA"]
[PlyCount "55"]
[EventDate "2019.12.15"]
[EventType "swiss"]
[EventCountry "CRO"]
[SourceTitle "playchess.com"]
[Source "ChessBase"]
[SourceQuality "1"]
[TimeControl "40/5400+30:1800+30"]

1. c4 Nf6 2. Nc3 d6 3. d4 e5 4. Nf3 Nc6 5. g3 g6 6. Bg2 exd4 7. Nxd4 Nxd4 8. Qxd4 Bg7 9. b3 O-O $14 10. Bb2 a6 11. O-O Rb8 12. Rfd1 Be6 13. Rac1 Re8 14. e3 Bg4 15. Re1 Ne4 16. Qd3 Ng5 17. e4 Qf6 18. Nd1 Nf3+ 19. Bxf3 Qxf3 20. Re3 Bxb2 21. Rxf3 Bxc1 22. Re3 Bxe3 23. Nxe3 Be6 24. f4 f6 25. f5 gxf5 26. exf5 Bf7 27. Ng4 Kg7 28. Qd2 1-0

[Event "26th Zadar Open 2019"]
[Site "Zadar"]
[Date "2019.12.20"]
[Round "7.23"]
[White "Dimitrov, Vladimir"]
[Black "Gelbenegger, Patrick"]
[Result "1-0"]
[ECO "E48"]
[WhiteElo "2285"]
[BlackElo "2267"]
[Annotator "NA"]
[PlyCount "81"]
[EventDate "2019.12.15"]
[EventType "swiss"]
[EventCountry "CRO"]
[SourceTitle "playchess.com"]
[Source "ChessBase"]
[SourceQuality "1"]
[TimeControl "40/5400+30:1800+30"]

1. d4 Nf6 2. c4 e6 3. Nc3 Bb4 4. e3 O-O 5. Bd3 d5 6. cxd5 exd5 $11 7. Nge2 c6 8. O-O Bd6 9. Ng3 Qc7 10. Bd2 Bg4 11. Qc2 h5 12. f4 Re8 13. h3 Bc8 14. Rae1 h4 15. Nh1 Nbd7 16. Re2 Nh5 17. Qd1 Nf8 18. Qe1 Qd8 19. Qf2 f5 20. Be1 Ng6 21. Qf3 Nf6 22. g3 Ne4 23. gxh4 Qf6 24. h5 Nh4 25. Bxh4 Qxh4 26. Rg2 Be6 27. Kh2 Be7 28. Rfg1 Bf6 29. Ng3 Kf7 30. Be2 Rh8 31. Qf1 Rh6 32. Ngxe4 dxe4 33. Nxe4 fxe4 34. f5 Bd5 35. Rg4 Rxh5 36. Rxh4 Rxh4 37. Bc4 Rah8 38. Bxd5+ cxd5 39. Rg3 Bd8 40. Qb5 Bc7 41. Qd7+ 1-0

[Event "26th Zadar Open 2019"]
[Site "Zadar"]
[Date "2019.12.20"]
[Round "7.25"]
[White "Khalakhan, Jurij"]
[Black "Hrescak, Ivana"]
[Result "0-1"]
[ECO "A03"]
[WhiteElo "2240"]
[BlackElo "2194"]
[Annotator "NA"]
[PlyCount "89"]
[EventDate "2019.12.15"]
[EventType "swiss"]
[EventCountry "CRO"]
[SourceTitle "playchess.com"]
[Source "ChessBase"]
[SourceQuality "1"]
[TimeControl "40/5400+30:1800+30"]

1. f4 c5 2. Nf3 g6 3. g3 Bg7 4. d3 d5 5. Bg2 Nf6 6. O-O O-O 7. Nc3 $11 d4 8. Ne4 Qc7 9. Nxf6+ Bxf6 10. Rb1 Be6 11. b3 Na6 12. a3 Rad8 13. Ng5 Bd5 14. Ne4 Bg7 15. f5 Qc6 16. Bg5 f6 17. Bd2 gxf5 18. Rxf5 e6 19. Rf2 Nc7 20. g4 Nb5 21. a4 Nd6 22. Ng3 f5 23. g5 Nf7 24. Nh5 Ne5 25. h3 Rd7 26. Qf1 Ng6 27. Re1 Rdf7 28. Nxg7 Kxg7 29. e3 Kg8 30. Bxd5 Qxd5 31. Qg2 Qxg2+ 32. Kxg2 e5 33. Ref1 b6 34. Rh1 e4 35. exd4 cxd4 36. Bf4 e3 37. Rff1 Rc8 38. h4 Rxc2+ 39. Kg3 Rc3 40. Rd1 Re7 41. h5 Nxf4 42. Kxf4 e2 43. Rde1 Rxd3 44. g6 Rde3 45. Kg5 0-1

[Event "26th Zadar Open 2019"]
[Site "Zadar"]
[Date "2019.12.21"]
[Round "8.1"]
[White "Brkic, Ante"]
[Black "Bhambure, Shantanu"]
[Result "1/2-1/2"]
[ECO "B51"]
[WhiteElo "2576"]
[BlackElo "2340"]
[Annotator "ChessBase"]
[PlyCount "31"]
[EventDate "2019.12.15"]
[EventType "swiss"]
[EventCountry "CRO"]
[SourceTitle "playchess.com"]
[Source "ChessBase"]
[SourceQuality "1"]
[TimeControl "40/5400+30:1800+30"]

1. e4 c5 2. Nf3 d6 3. Bb5+ Nd7 4. d4 cxd4 5. Qxd4 a6 6. Bxd7+ Bxd7 7. Nc3 e5 8. Qd3 h6 9. O-O Nf6 10. Nd2 Rc8 11. Nc4 Be6 12. Ne3 Be7 13. a4 O-O 14. Rd1 Rc5 15. Bd2 Qc8 16. b3 1/2-1/2

[Event "26th Zadar Open 2019"]
[Site "Zadar"]
[Date "2019.12.21"]
[Round "8.2"]
[White "Blohberger, Felix"]
[Black "Kozul, Zdenko"]
[Result "1/2-1/2"]
[ECO "E76"]
[WhiteElo "2434"]
[BlackElo "2590"]
[Annotator "ChessBase"]
[PlyCount "70"]
[EventDate "2019.12.15"]
[EventType "swiss"]
[EventCountry "CRO"]
[SourceTitle "playchess.com"]
[Source "ChessBase"]
[SourceQuality "1"]
[TimeControl "40/5400+30:1800+30"]

1. d4 Nf6 2. c4 g6 3. Nc3 Bg7 4. e4 d6 5. f4 O-O 6. Nf3 Na6 7. Bd3 e5 8. fxe5 dxe5 9. d5 c6 10. O-O Ng4 11. Kh1 f5 12. h3 Nf6 13. exf5 e4 14. Nxe4 Nxe4 15. Bxe4 Nc5 16. Bc2 Bxf5 17. Be3 Ne4 18. Bxe4 Bxe4 19. Ng5 Rxf1+ 20. Qxf1 Qe7 21. Nxe4 Qxe4 22. Qf4 cxd5 23. Qxe4 dxe4 24. Rd1 Bxb2 25. Rb1 Be5 26. Rxb7 Rd8 27. Kg1 Rd3 28. Kf2 Rc3 29. Rxa7 Rxc4 30. a4 g5 31. a5 Bf4 32. Bxf4 gxf4 33. a6 Rc2+ 34. Kf1 Rc1+ 35. Ke2 Rc2+ 1/2-1/2

[Event "26th Zadar Open 2019"]
[Site "Zadar"]
[Date "2019.12.21"]
[Round "8.3"]
[White "Mosesov, Danyil"]
[Black "Saric, Ante"]
[Result "0-1"]
[ECO "E52"]
[WhiteElo "2290"]
[BlackElo "2556"]
[Annotator "ChessBase"]
[PlyCount "86"]
[EventDate "2019.12.15"]
[EventType "swiss"]
[EventCountry "CRO"]
[SourceTitle "playchess.com"]
[Source "ChessBase"]
[SourceQuality "1"]
[TimeControl "40/5400+30:1800+30"]

1. d4 e6 2. c4 Nf6 3. Nc3 Bb4 4. e3 O-O 5. Bd2 d5 6. Nf3 b6 7. cxd5 exd5 8. Bd3 Bb7 9. Rc1 Be7 10. O-O c5 11. Ne5 Nc6 12. Be1 a6 13. f3 b5 14. Bf2 Qb6 15. Bb1 Rad8 16. Qc2 c4 17. Rcd1 g6 18. Rfe1 b4 19. Na4 Qb5 20. Nxc6 Bxc6 21. b3 Rfe8 22. e4 dxe4 23. fxe4 Ng4 24. d5 Bd7 25. Bd4 Bd6 26. h3 Ne5 27. Qf2 Qb8 28. Nb6 cxb3 29. axb3 Bb5 30. Rc1 Nd7 31. Nxd7 Rxd7 32. e5 Bxe5 33. Rxe5 Rxe5 34. Qf6 Rdxd5 35. Bf5 Rxd4 36. Rc8+ Qxc8 37. Bxc8 Rd1+ 38. Kh2 Ree1 39. Bg4 Be2 40. Bc8 Rh1+ 41. Kg3 Rd3+ 42. Kh4 h6 43. Bg4 g5+ 0-1

[Event "26th Zadar Open 2019"]
[Site "Zadar"]
[Date "2019.12.21"]
[Round "8.4"]
[White "Predojevic, Borki"]
[Black "Doric, Darko"]
[Result "1/2-1/2"]
[ECO "B40"]
[WhiteElo "2616"]
[BlackElo "2492"]
[Annotator "RC"]
[PlyCount "47"]
[EventDate "2019.12.15"]
[EventType "swiss"]
[EventCountry "CRO"]
[SourceTitle "playchess.com"]
[Source "ChessBase"]
[SourceQuality "1"]
[TimeControl "40/5400+30:1800+30"]

1. e4 c5 2. Nf3 e6 3. g3 d5 4. exd5 exd5 5. d4 Nc6 6. Bg2 Bg4 7. O-O cxd4 8. h3 Bxf3 9. Qxf3 Nf6 10. Bg5 Be7 11. Bxf6 Bxf6 12. Re1+ Ne7 13. Qxd5 Qxd5 14. Bxd5 O-O 15. Be4 Rfd8 16. Nd2 Rac8 17. Nf3 g6 18. Rad1 Nc6 19. Re2 Kf8 20. Kf1 h5 21. h4 b5 22. a3 a5 23. Bxc6 Rxc6 24. Rdd2 1/2-1/2

[Event "26th Zadar Open 2019"]
[Site "Zadar"]
[Date "2019.12.21"]
[Round "8.5"]
[White "Galperin, Platon"]
[Black "Yeoh, Li Tian"]
[Result "1-0"]
[ECO "A67"]
[WhiteElo "2462"]
[BlackElo "2530"]
[Annotator "ChessBase"]
[PlyCount "63"]
[EventDate "2019.12.15"]
[EventType "swiss"]
[EventCountry "CRO"]
[SourceTitle "playchess.com"]
[Source "ChessBase"]
[SourceQuality "1"]
[TimeControl "40/5400+30:1800+30"]

1. d4 Nf6 2. c4 c5 3. d5 e6 4. Nc3 exd5 5. cxd5 d6 6. e4 g6 7. f4 Bg7 8. Bb5+ Nfd7 9. Be2 O-O 10. Nf3 Re8 11. O-O b6 12. f5 Nf6 13. fxg6 hxg6 14. Bg5 Nbd7 15. Qe1 Nf8 16. e5 dxe5 17. Bb5 Bd7 18. Bxd7 N8xd7 19. Qh4 Qc7 20. Nb5 Qb7 21. Rad1 e4 22. Ne1 Nh7 23. Rxf7 Nxg5 24. Qxg5 Rf8 25. Nd6 Qc7 26. Qxg6 Rxf7 27. Qxf7+ Kh8 28. Nf5 Be5 29. d6 Qd8 30. Ne7 Bg7 31. Rd5 Nf6 32. Rg5 1-0

[Event "26th Zadar Open 2019"]
[Site "Zadar"]
[Date "2019.12.21"]
[Round "8.6"]
[White "Stany, G.A."]
[Black "Rudolf, Michal"]
[Result "1-0"]
[ECO "B11"]
[WhiteElo "2526"]
[BlackElo "2328"]
[Annotator "ChessBase"]
[PlyCount "83"]
[EventDate "2019.12.15"]
[EventType "swiss"]
[EventCountry "CRO"]
[SourceTitle "playchess.com"]
[Source "ChessBase"]
[SourceQuality "1"]
[TimeControl "40/5400+30:1800+30"]

1. e4 c6 2. Nc3 d5 3. Nf3 Bg4 4. h3 Bxf3 5. Qxf3 e6 6. d3 Nf6 7. Bd2 Nbd7 8. g4 g6 9. Qg3 Qb6 10. O-O-O Bg7 11. Bg2 O-O-O 12. f4 Ne8 13. e5 Nc7 14. Rde1 Nb5 15. Nxb5 Qxb5 16. h4 Bf8 17. f5 Bb4 18. c3 Be7 19. d4 c5 20. Kb1 Nb6 21. Ka1 Nc4 22. Bc1 cxd4 23. cxd4 Qb6 24. Rd1 Kb8 25. Qb3 Qxb3 26. axb3 Na5 27. Rd3 Bb4 28. Rf1 Rc8 29. Kb1 Be7 30. fxe6 fxe6 31. g5 Rhf8 32. Rxf8 Bxf8 33. Bh3 Rc6 34. Bd2 b6 35. Rf3 Be7 36. Rf7 Nxb3 37. Bc3 Bd8 38. Rxh7 a5 39. h5 b5 40. hxg6 b4 41. g7 bxc3 42. bxc3 1-0

[Event "26th Zadar Open 2019"]
[Site "Zadar"]
[Date "2019.12.21"]
[Round "8.7"]
[White "Dev, Shah"]
[Black "Rogic, Davor"]
[Result "0-1"]
[ECO "D16"]
[WhiteElo "2242"]
[BlackElo "2485"]
[Annotator "ChessBase"]
[PlyCount "82"]
[EventDate "2019.12.15"]
[EventType "swiss"]
[EventCountry "CRO"]
[SourceTitle "playchess.com"]
[Source "ChessBase"]
[SourceQuality "1"]
[TimeControl "40/5400+30:1800+30"]

1. d4 d5 2. c4 c6 3. Nc3 Nf6 4. Nf3 dxc4 5. a4 Na6 6. e3 Bg4 7. Bxc4 e6 8. h3 Bh5 9. O-O Nb4 10. Qe2 Be7 11. Rd1 Nd7 12. Bb3 O-O 13. g4 Bg6 14. e4 Qc7 15. h4 h6 16. Kh1 c5 17. h5 Bh7 18. d5 exd5 19. Bxd5 Nb6 20. g5 N6xd5 21. Nxd5 Nxd5 22. Rxd5 Qc8 23. Ng1 Qe6 24. f3 Rad8 25. Rxd8 Rxd8 26. gxh6 gxh6 27. Bf4 Bf8 28. Qg2+ Kh8 29. Rc1 b6 30. Ne2 Bg7 31. Nc3 Rd3 32. Rd1 Rxd1+ 33. Nxd1 f5 34. e5 Qc4 35. Bd2 Qxa4 36. Qe2 Qh4+ 37. Kg2 f4 38. e6 Qg3+ 39. Kf1 Bd4 40. Be3 fxe3 41. Nxe3 Qh3+ 0-1

[Event "26th Zadar Open 2019"]
[Site "Zadar"]
[Date "2019.12.21"]
[Round "8.8"]
[White "Chan, Kim Yew"]
[Black "Livaic, Leon"]
[Result "0-1"]
[ECO "E08"]
[WhiteElo "2245"]
[BlackElo "2505"]
[Annotator "ChessBase"]
[PlyCount "54"]
[EventDate "2019.12.15"]
[EventType "swiss"]
[EventCountry "CRO"]
[SourceTitle "playchess.com"]
[Source "ChessBase"]
[SourceQuality "1"]
[TimeControl "40/5400+30:1800+30"]

1. Nf3 d5 2. g3 Nf6 3. Bg2 e6 4. O-O Be7 5. c4 O-O 6. d4 c6 7. Qc2 Nbd7 8. Bf4 b6 9. Ne5 Bb7 10. Rd1 Rc8 11. Nc3 Nh5 12. Bd2 Qc7 13. Nxd7 Qxd7 14. b3 f5 15. a4 a5 16. Bc1 Nf6 17. Ba3 Bxa3 18. Rxa3 Ba6 19. Qb2 Qd6 20. cxd5 exd5 21. Raa1 f4 22. Rab1 h5 23. Bf3 fxg3 24. hxg3 h4 25. Kg2 Ne4 26. gxh4 Qg6+ 27. Kh2 Rf4 0-1

[Event "26th Zadar Open 2019"]
[Site "Zadar"]
[Date "2019.12.21"]
[Round "8.9"]
[White "Bukal, Vladimir Jr."]
[Black "Nguyen, Piotr"]
[Result "0-1"]
[ECO "D03"]
[WhiteElo "2393"]
[BlackElo "2413"]
[Annotator "NA"]
[PlyCount "68"]
[EventDate "2019.12.15"]
[EventType "swiss"]
[EventCountry "CRO"]
[SourceTitle "playchess.com"]
[Source "ChessBase"]
[SourceQuality "1"]
[TimeControl "40/5400+30:1800+30"]

1. d4 Nf6 2. Nf3 g6 3. Bg5 Bg7 4. Nbd2 O-O 5. c3 d5 6. e3 Nbd7 7. a4 Re8 8. Be2 e5 $11 9. O-O exd4 10. exd4 Nf8 11. Ne5 c5 12. Bb5 Re6 13. a5 a6 14. Bd3 Qe8 15. Bc2 Qb5 16. Nd3 cxd4 17. cxd4 Ne4 18. Be3 Re7 19. Re1 Bf5 20. Ra3 Nd6 21. Nb1 Nc4 22. Nc3 Qd7 23. Ra2 Ne6 24. Ba4 Qd6 25. Ne2 Nxa5 26. Bd2 Bxd3 27. Bxa5 Bc4 28. Ra1 b5 29. Bc2 Rae8 30. Qd2 Nc7 31. Bb4 Rxe2 32. Bxd6 Rxd2 33. Bxc7 Rxe1+ 34. Rxe1 Bxd4 0-1

[Event "26th Zadar Open 2019"]
[Site "Zadar"]
[Date "2019.12.21"]
[Round "8.10"]
[White "Dixit, Nikhil"]
[Black "Pecnik, Leo"]
[Result "1-0"]
[ECO "B30"]
[WhiteElo "2318"]
[BlackElo "2326"]
[Annotator "NA"]
[PlyCount "95"]
[EventDate "2019.12.15"]
[EventType "swiss"]
[EventCountry "CRO"]
[SourceTitle "playchess.com"]
[Source "ChessBase"]
[SourceQuality "1"]
[TimeControl "40/5400+30:1800+30"]

1. e4 c5 2. Nf3 Nc6 3. Bb5 e5 4. O-O Bd6 5. c3 Nge7 6. d4 cxd4 7. cxd4 exd4 8. Nxd4 a6 9. Be2 O-O 10. Nf3 Qc7 11. Nc3 Ne5 12. h3 Nxf3+ 13. Bxf3 Bh2+ 14. Kh1 Be5 15. Be3 d6 16. Rc1 Qd8 17. Na4 Be6 18. Nb6 Rb8 19. Nc4 Bxc4 20. Rxc4 Bxb2 21. Rc2 Ba3 22. Bg5 f6 23. Bf4 Qb6 24. Bg4 Rbd8 25. Be6+ Kh8 26. Qh5 Bc5 27. Bc1 Qb5 28. Rd1 Qe8 29. Qxe8 Rfxe8 30. Bf7 Rf8 31. Bb3 Nc6 32. Rcd2 g5 33. Bb2 Ne5 34. g3 Ng6 35. Kg2 h6 36. Rd5 Ne7 37. Rxc5 dxc5 38. Rxd8 Rxd8 39. Bxf6+ Kh7 40. Bxe7 Rc8 41. Be6 Rc6 42. Bd7 Rc7 43. Bf5+ Kg8 44. Bd8 Rc6 45. e5 c4 46. e6 Kf8 47. e7+ Ke8 48. Bg4 1-0

[Event "26th Zadar Open 2019"]
[Site "Zadar"]
[Date "2019.12.21"]
[Round "8.11"]
[White "Martinovic, Sasa"]
[Black "Vidic, Teja"]
[Result "1-0"]
[ECO "A11"]
[WhiteElo "2544"]
[BlackElo "2221"]
[Annotator "ChessBase"]
[PlyCount "49"]
[EventDate "2019.12.15"]
[EventType "swiss"]
[EventCountry "CRO"]
[SourceTitle "playchess.com"]
[Source "ChessBase"]
[SourceQuality "1"]
[TimeControl "40/5400+30:1800+30"]

1. Nf3 d5 2. e3 Nf6 3. c4 e6 4. b3 c6 5. Bb2 Nbd7 6. Qc2 Bd6 7. Nc3 O-O 8. Be2 b6 9. Rg1 Re8 10. g4 Nf8 11. g5 N6d7 12. cxd5 cxd5 13. Nb5 Bb8 14. Rc1 e5 15. Qc6 Nc5 16. Rxc5 bxc5 17. Qxa8 Qb6 18. Qxd5 Bb7 19. Qc4 e4 20. Qc3 Ne6 21. Bc4 Nd4 22. Nfxd4 cxd4 23. Qxd4 Qg6 24. h4 Be5 25. Qxa7 1-0

[Event "26th Zadar Open 2019"]
[Site "Zadar"]
[Date "2019.12.21"]
[Round "8.12"]
[White "Peng, Hongchi"]
[Black "Moksh Amit Doshi"]
[Result "0-1"]
[ECO "C54"]
[WhiteElo "2271"]
[BlackElo "2399"]
[Annotator "NA"]
[PlyCount "38"]
[EventDate "2019.12.15"]
[EventType "swiss"]
[EventCountry "CRO"]
[SourceTitle "playchess.com"]
[Source "ChessBase"]
[SourceQuality "1"]
[TimeControl "40/5400+30:1800+30"]

1. e4 e5 2. Nf3 Nc6 3. Bc4 Bc5 4. c3 Nf6 5. d4 exd4 6. e5 d5 7. Bb5 Ne4 8. cxd4 Bb6 9. O-O O-O 10. h3 f6 11. Nc3 fxe5 12. dxe5 Be6 13. Bd3 Nxf2 14. Rxf2 Bxf2+ 15. Kxf2 Nxe5 16. Kg1 Nxf3+ 17. gxf3 Qh4 18. Qf1 Qg3+ 19. Qg2 Rxf3 0-1

[Event "26th Zadar Open 2019"]
[Site "Zadar"]
[Date "2019.12.21"]
[Round "8.13"]
[White "Lye, Lik Zang"]
[Black "Antova, Gabriela"]
[Result "1-0"]
[ECO "B23"]
[WhiteElo "2379"]
[BlackElo "2314"]
[Annotator "NA"]
[PlyCount "85"]
[EventDate "2019.12.15"]
[EventType "swiss"]
[EventCountry "CRO"]
[SourceTitle "playchess.com"]
[Source "ChessBase"]
[SourceQuality "1"]
[TimeControl "40/5400+30:1800+30"]

1. e4 c5 2. Nc3 d6 3. d4 cxd4 4. Qxd4 Nc6 5. Qd2 g6 6. b3 Bh6 7. f4 Nf6 8. Bb2 O-O 9. O-O-O a5 10. a4 Be6 $14 11. Nf3 Rc8 12. Kb1 Nb4 13. Ng5 Bg4 14. Rc1 d5 15. e5 Ne4 16. Ngxe4 dxe4 17. Qe3 Rxc3 18. Qxc3 Bxf4 19. Bc4 Bd2 20. Qg3 Bxc1 21. Bxc1 Bf5 22. Be3 Qc8 23. Qh4 Qd7 24. Rf1 Rc8 25. Bxf7+ Kxf7 26. Qxh7+ Ke6 27. g4 Bxg4 28. Qxg6+ Kd5 29. c4+ Rxc4 30. bxc4+ Kxc4 31. Qxe4+ Kb3 32. Bd4 Kxa4 33. Kb2 Kb5 34. Bc3 Nd3+ 35. Kc2 Nc5 36. Rb1+ Ka6 37. Qc4+ b5 38. Qxc5 Bf5+ 39. Kb2 Bxb1 40. Bd4 Qb7 41. Kxb1 Qh1+ 42. Kb2 Qxh2+ 43. Bf2 1-0

[Event "26th Zadar Open 2019"]
[Site "Zadar"]
[Date "2019.12.21"]
[Round "8.14"]
[White "Bratovic, Blaz"]
[Black "Sinanovic, Muhamed"]
[Result "1-0"]
[ECO "B41"]
[WhiteElo "2359"]
[BlackElo "2309"]
[Annotator "NA"]
[PlyCount "59"]
[EventDate "2019.12.15"]
[EventType "swiss"]
[EventCountry "CRO"]
[SourceTitle "playchess.com"]
[Source "ChessBase"]
[SourceQuality "1"]
[TimeControl "40/5400+30:1800+30"]

1. e4 c5 2. Nf3 e6 3. d4 cxd4 4. Nxd4 a6 5. c4 Nf6 6. Nc3 Qc7 7. Be2 b6 8. O-O Bb7 9. Qd3 d6 10. f4 Nbd7 11. b4 Be7 12. Bb2 O-O 13. Rac1 Rfd8 14. Nd5 exd5 15. cxd5 Qb8 16. Nc6 Bxc6 17. dxc6 Nc5 18. bxc5 bxc5 19. Rb1 Qc7 20. Bxf6 Bxf6 21. Qd5 Ra7 22. Rb3 Bd4+ 23. Kh1 Qa5 24. Bc4 Kh8 25. Rfb1 h6 26. e5 Qd2 27. exd6 Re8 28. Qf3 Bf2 29. Rb8 Ra8 30. c7 1-0

[Event "26th Zadar Open 2019"]
[Site "Zadar"]
[Date "2019.12.21"]
[Round "8.15"]
[White "Ghersinich, Enrico"]
[Black "Plenkovic, Zdenko"]
[Result "1-0"]
[ECO "B07"]
[WhiteElo "2157"]
[BlackElo "2355"]
[Annotator "NA"]
[PlyCount "69"]
[EventDate "2019.12.15"]
[EventType "swiss"]
[EventCountry "CRO"]
[SourceTitle "playchess.com"]
[Source "ChessBase"]
[SourceQuality "1"]
[TimeControl "40/5400+30:1800+30"]

1. d4 d6 2. e4 Nd7 3. f4 e5 4. Nc3 c6 5. Nf3 Be7 6. Be3 Ngf6 7. h3 exf4 8. Bxf4 Nh5 9. Qd2 Nxf4 10. Qxf4 O-O 11. Bd3 b5 12. O-O b4 13. Ne2 c5 14. c3 bxc3 15. bxc3 cxd4 16. cxd4 d5 17. Ng3 g6 18. e5 Nb6 19. Nh5 f5 20. exf6 Bxf6 21. Qh6 Bf5 22. Bxf5 gxf5 23. Ne5 Qd6 24. Rxf5 Bxe5 25. Qg5+ Qg6 26. Rxe5 Kh8 27. Qh4 Rf7 28. Nf4 Qd6 29. Rae1 Raf8 30. g3 Nc4 31. Re6 Rxf4 32. gxf4 Qxf4 33. Qxf4 Rxf4 34. Rf1 Rxd4 35. Rf7 1-0

[Event "26th Zadar Open 2019"]
[Site "Zadar"]
[Date "2019.12.21"]
[Round "8.16"]
[White "Guttenthaler, Franz"]
[Black "Spalir, Jernej"]
[Result "0-1"]
[ECO "D41"]
[WhiteElo "2304"]
[BlackElo "2429"]
[Annotator "NA"]
[PlyCount "78"]
[EventDate "2019.12.15"]
[EventType "swiss"]
[EventCountry "CRO"]
[SourceTitle "playchess.com"]
[Source "ChessBase"]
[SourceQuality "1"]
[TimeControl "40/5400+30:1800+30"]

1. d4 d5 2. c4 e6 3. Nc3 Nf6 4. cxd5 Nxd5 5. e4 Nxc3 6. bxc3 c5 7. Nf3 cxd4 8. cxd4 Bb4+ 9. Bd2 Bxd2+ 10. Qxd2 O-O 11. Bc4 b6 12. O-O Bb7 13. Rfe1 Nd7 14. d5 exd5 $11 15. Bxd5 Nc5 16. Bxb7 Nxb7 17. Rad1 Nc5 18. Qf4 Qe7 19. Nd4 Ne6 20. Nxe6 Qxe6 21. Rd2 Rfd8 22. Red1 Rxd2 23. Rxd2 Rc8 24. Qc7 h6 25. Rd8+ Rxd8 26. Qxd8+ Kh7 27. Qd3 Qxa2 28. h4 Qa1+ 29. Kh2 Qe5+ 30. g3 h5 31. Qd7 Qf6 32. f4 a5 33. Qb5 g6 34. e5 Qe6 35. Kg2 Qa2+ 36. Kh3 a4 37. f5 gxf5 38. e6 Qxe6 39. Qxa4 f4+ 0-1

[Event "26th Zadar Open 2019"]
[Site "Zadar"]
[Date "2019.12.21"]
[Round "8.17"]
[White "Rezan, Sasa"]
[Black "Zelic, Mladen"]
[Result "1-0"]
[ECO "D87"]
[WhiteElo "2415"]
[BlackElo "2254"]
[Annotator "NA"]
[PlyCount "61"]
[EventDate "2019.12.15"]
[EventType "swiss"]
[EventCountry "CRO"]
[SourceTitle "playchess.com"]
[Source "ChessBase"]
[SourceQuality "1"]
[TimeControl "40/5400+30:1800+30"]

1. d4 Nf6 2. c4 g6 3. Nc3 d5 4. cxd5 Nxd5 5. e4 Nxc3 6. bxc3 Bg7 7. Bc4 c5 8. Ne2 Nc6 9. Be3 O-O 10. O-O Bd7 11. Rc1 $11 Qc7 12. Qd2 Rad8 13. Bh6 Qa5 14. Bxg7 Kxg7 15. Qe3 b5 16. Bd5 e6 17. Bxc6 Bxc6 18. dxc5 Qxa2 19. Nd4 Qa6 20. Ra1 Qb7 21. h4 a6 22. h5 gxh5 23. Qg5+ Kh8 24. Qf6+ Kg8 25. Rad1 Bxe4 26. Nxe6 fxe6 27. Rxd8 Rxd8 28. Qxd8+ Kf7 29. Rd1 Bd5 30. Rd4 Kg6 31. Rxd5 1-0